 Dungeon Sprint DCSS version 0.29-a0-359-g541a27f54d (webtiles) character file.

Game seed: 6912007125504368509

65 Zeldest the Ruffian (level 3, 0/31 HPs)
             Began as a Demonspawn Fighter on Apr 28, 2022.
             Slain by an ufetubus (1 damage)
             ... in the Dungeon (Sprint IX: "|||||||||||||||||||||||||||||").
             The game lasted 00:00:25 (60 turns).

Zeldest the Ruffian (Demonspawn Fighter)              Turns: 60, Time: 00:00:26

Health: 0/31       AC:  7    Str: 18    XL:     3   Next: 92%
Magic:  3/3        EV:  9    Int: 11    God:
Gold:   0          SH:  5    Dex: 12    Spells: 2/2 levels left

rFire   . . .      SeeInvis .     - Unarmed
rCold   . . .      Faith    .   b - +0 buckler
rNeg    . . .      Spirit   .   a - +0 scale mail
rPois   .          Reflect  .   (no helmet)
rElec   .          Harm     .   (no cloak)
rCorr   .          Rampage  .   (no gloves)
Will    .....      NoTele   +   (no boots)
Stlth   ..........              (no amulet)
HPRegen 0.10/turn               (no ring)
MPRegen 0.08/turn               (no ring)

@: on berserk cooldown, slowed, very slow
A: powered by pain 1, big brain 1
a: no special abilities


You were in the Dungeon.
You visited 1 branch

Inventory:

Armour
 a - a +0 scale mail (worn)
 b - a +0 buckler (worn)
Scrolls
 i - a scroll of blinking
Potions
 c - a potion of might
 d - a potion of curing
 e - a potion of heal wounds
 f - a potion of haste
 g - 2 potions of magic


   Skills:
 + Level 4.5 Fighting
 + Level 4.1 Armour
 + Level 4.1 Shields
 * Level 4.7 Unarmed Combat


You had 2 spell levels left.
You didn't know any spells.
Your spell library was empty.

Dungeon Overview and Level Annotations

Branches:
Dungeon (1/1)

Altars:


Innate Abilities, Weirdness & Mutations

You sometimes gain a little power by taking damage.
You have an unusually large brain. (Int +2)


Message History

You are no longer berserk.
You are exhausted.
You feel yourself slow down.
You barely miss the iguana.
The iguana is almost dead.
The iguana bites you!
* * * LOW HITPOINT WARNING * * *
The iguana bites you but does no damage.
You punch the iguana!
You kill the iguana!
The adder bites you but does no damage.
Your Armour skill increases to level 4!
Your Shields skill increases to level 4!
You hit the adder.
The adder is heavily wounded.
The adder bites you but does no damage. The adder bites you.
* * * LOW HITPOINT WARNING * * *
You closely miss the adder.
The adder is heavily wounded.
The adder misses you.
You hit the adder but do no damage.
The adder is heavily wounded.
You block the adder's attack. The adder barely misses you.
You barely miss the adder.
The adder is heavily wounded.
The adder closely misses you. The adder barely misses you.
You barely miss the adder.
The adder is heavily wounded.
The adder barely misses you. The adder bites you.
* * * LOW HITPOINT WARNING * * *
You hit the adder.
The adder is severely wounded.
You block the adder's attack. The adder bites you but does no damage.
You closely miss the adder.
The adder is severely wounded.
The adder completely misses you. You block the adder's attack.
You hit the adder.
You kill the adder!
The ufetubus closely misses you. The ufetubus hits you.
You die... ▓▓▓▓▓▓▓▓▓▓▓▓▓▓▓▓▓▓ +...5@†.....)...<▓ ▓▓▓▓▓▓▓▓▓▓▓▓▓▓▓▓▓▓

You could see an ufetubus.

Vanquished Creatures
  A jelly (D)
  An iguana (D)
  An adder (D)
  A worm (D)
  An endoplasm (D)
  A goblin (D)
  A hobgoblin (D)
  A kobold (D)
  A ball python (D)
9 creatures vanquished.

Notes
Turn   | Place    | Note
-------+----------+-------------------------------------------
     0 | D        | Zeldest the Demonspawn Fighter began the quest for the Orb.
     0 | D        | Reached XP level 1. HP: 18/18 MP: 1/1
     4 | D        | Banished a spatial maelstrom
    35 | D        | Noticed an iguana
    35 | D        | Noticed a jelly
    43 | D        | Gained mutation: You have an unusually large brain. (Int
                  | +2) [demonic ancestry]
    43 | D        | Reached XP level 2. HP: 23/24 MP: 2/2
    46 | D        | Gained mutation: You sometimes gain a little power by
                  | taking damage. [demonic ancestry]
    46 | D        | Reached XP level 3. HP: 26/30 MP: 3/3
    53 | D        | HP: 1/31 [adder (3)]
    60 | D        | Slain by an ufetubus

Illustrated notes

Levels and vault maps discovered:
D:        linesprint [early_d, line_temple, items_1, d_10, items_2, lair_1,
          lair_end, items_3, orc_1, orc_end, items_4, d_15, swamp_1, shoals_1,
          snake_1, spider_1, d_20, vaults_1, items_5, swamp_end, shoals_end,
          snake_end, spider_end, vaults_end, d_27, items_6, zot_1, zot_end,
          crypt_end, forest_end, elf_end, slime_end, tomb_end, abyss_end,
          pan_hell_end]

Skill      XL: |  1  2  3 |
---------------+----------+-----
Unarmed Combat | 3 4 |  4.7
Armour         | 3 4 |  4.1
Shields        | 3 4 |  4.1
Fighting       | 4 |  4.5

Action                   || total
-------------------------++-------
Melee: Unarmed           ||    47
  Use: Potion            ||     1
Armor: Scale mail        ||    17
Dodge: Dodged            ||    14
Block: Buckler           ||     8

Table legend: (Time is in decaauts)
 A = Elapsed time spent in this place.
 B = Non-inter-level travel time spent in this place.
 C = Inter-level travel time spent in this place.
 D = Time resting spent in this place.
 E = Time spent auto-exploring this place.
 F = Levels seen in this place.
 G = Mean time per level.
                   A        B        C        D        E       F      G
               +--------+--------+--------+--------+--------+-----+--------+
         Total |     59 |     59 |      0 |      0 |      0 |   1 |   59.0 |
       Dungeon |     59 |     59 |      0 |      0 |      0 |   1 |   59.0 |
               +--------+--------+--------+--------+--------+-----+--------+

Top non-repeatable levels by time:
       D: 59 daAuts
